 Dungeon Crawl Stone Soup version 0.31-a0-263-ge8cad7f256 (webtiles) character file.

Game seed: 9446795046212683298

432 qw the Shooter (level 7, 0/41 HPs)
             Began as a Gargoyle Hexslinger on July 13, 2023.
             Slain by a gnoll bouda
             ... wielding a +0 whip
              (1 damage)
             ... on level 5 of the Dungeon.
             The game lasted 00:01:12 (3263 turns).

qw the Shooter (Gargoyle Hexslinger)                Turns: 3263, Time: 00:01:13

Health: 0/41       AC: 11    Str: 11    XL:     7   Next: 0%
Magic:  8/8        EV: 10    Int: 14    God:
Gold:   282        SH:  0    Dex: 17    Spells: 7/8 levels left

rFire   . . .        Y - +1 sling (freeze)
rCold   . . .        (no shield)
rNeg    + . .        b - +0 ring mail
rPois   inf          (no helmet)
rElec   +            (no cloak)
rCorr   .            e - +0 pair of fencer's gloves {Riposte Dex+3}
SInv    .            (no boots)
Will    .....        (no amulet)
Stlth   +            (no ring)
HPRegen 0.26/turn    (no ring)
MPRegen 0.11/turn

%: no passive effects
@: about to teleport
A: sickness immunity, AC +4, negative energy resistance 1, electricity
resistance, torment resistance 1, petrification resistance
a: no special abilities


You were on level 5 of the Dungeon.
You visited 1 branch of the dungeon, and saw 5 of its levels.

You collected 282 gold pieces.


Innate Abilities, Weirdness & Mutations

You are immune to sickness and miasma.
Your stone body is resilient. (AC +4)
You are immune to poison.
You resist negative energy. (rN+)
You are resistant to electric shocks. (rElec)
You are resistant to unholy torment.
You are immune to petrification.


   Skills:
 + Level 3.0 Fighting
 - Level 6.1 Ranged Weapons
 - Level 2.5 Armour
 - Level 1.5 Dodging
 - Level 1.0 Spellcasting
 - Level 2.6 Hexes


You had 7 spell levels left.
You knew the following spells:

 Your Spells              Type           Power      Damage    Failure   Level
a - Slow                  Hex            32%        N/A       21%         1

Your spell library contained the following spells:

 Spells                   Type           Power      Damage    Failure   Level
 Inner Flame              Hex/Fire       4%         N/A       71%         3
 Portal Projectile        Hex/Tloc       8%         N/A       71%         3
 Cause Fear               Hex            4%         N/A       90%         4

Inventory:

Hand Weapons
 Y - a +1 sling of freezing (weapon)
Armour
 b - a +0 ring mail (worn)
 e - the +0 pair of fencer's gloves (worn) {Riposte Dex+3}
   (You acquired it on level 4 of the Dungeon)

   Riposte:   It allows the wearer to riposte with melee weapons, swiftly
   retaliating against missed or blocked melee attacks.
   Dex:       It affects your dexterity (+3).
Scrolls
 a - a scroll of teleportation
 d - a scroll of identify
Potions
 c - a potion of resistance
 f - a potion of enlightenment {unknown}
 g - 3 potions of haste
 h - a potion of brilliance {unknown}
 j - 2 potions of curing
 k - a potion of might

Dungeon Overview and Level Annotations

Branches:
Dungeon (5/15)
 Temple: D:4-7

Altars:
Cheibriados
The Shining One

Shops:
D:5 (


Message History

Blork the orc gestures at you while chanting.
The puff of flame hits you.
The gnoll bouda hits you but does no damage.
The gnoll hits you but does no damage.
The gnoll zaps a wand.
You resist with some effort.
You shoot a sling bullet.
The sling bullet barely misses Blork the orc.
The sling bullet misses the adder.
Blork the orc barely misses you.
The gnoll bouda hits you with a +0 whip!
The gnoll misses you.
The gnoll zaps a wand.
You resist with some effort.
Blork the orc looks satisfied for a moment.
You shoot a sling bullet. The sling bullet hits Blork the orc.
The sling bullet freezes Blork the orc.
You kill Blork the orc!
Your attacks no longer feel as feeble.
The gnoll hits you with a +0 club. The gnoll closely misses you.
The gnoll bouda hits you with a +0 whip!
The gnoll misses you. The adder barely misses you.
The gnoll hits you with a +0 club.
Your Ranged Weapons skill increases to level 6!
You have reached level 7!
You shoot a sling bullet.
The sling bullet hits the gnoll bouda but does no damage.
The adder completely misses you. The gnoll hits you but does no damage.
The gnoll bouda hits you with a +0 whip.
The gnoll hits you with a +0 whip. The gnoll hits you but does no damage.
3262 ||| READING 2 scrolls of teleportation.
As you read the scroll of teleportation, it crumbles to dust.
You feel strangely unstable. The adder bites you but does no damage.
The gnoll barely misses you.
The gnoll bouda hits you but does no damage.
The gnoll hits you but does no damage. The gnoll hits you with a +0 club.
The adder bites you but does no damage.
You shoot a sling bullet. The sling bullet hits the gnoll bouda.
The sling bullet freezes the gnoll bouda.
The gnoll bouda is moderately wounded.
The gnoll is no longer moving quickly.
The gnoll hits you with a +0 flail!
The gnoll bouda hits you with a +0 whip.
You die...

ยค . ....../)#)#..
.#...............
......#..#...#...
#.#..............
#.#...###........
########............)...
#....................)..
......g#.###........(...
.....)S@g...........####
......gg####............
........# #.......#####
........# #........#
........# #........#
........# #........#
...................#
#.......####.......#
#########


You could see a gnoll bouda, 3 gnolls and an adder.

Vanquished Creatures
  An ogre (D:4)
  Blork the orc (D:5)
  A bullfrog (D:4)
  A howler monkey (D:5)
  An orc wizard (D:5)
  A sleepcap (D:5)
  5 gnolls (D:5)
  2 adders (D:5)
  A worm (D:3)
  2 dart slugs (D:2)
  3 orcs (D:5)
  6 endoplasms
  3 giant cockroaches
  8 goblins
  5 hobgoblins
  5 jackals
  A quokka (D:2)
  4 ball pythons
  5 bats
  5 kobolds
  5 rats
66 creatures vanquished.

Notes
Turn   | Place    | Note
-------+----------+-------------------------------------------
     0 | D:1      | qw the Gargoyle Hexslinger began the quest for the Orb.
     0 | D:1      | Reached XP level 1. HP: 12/12 MP: 2/2
     0 | D:1      | 0 ||| qw: Version: 0.3-a-52-g30416fa
     0 | D:1      | 0 ||| qw: Game counter: 7510
     0 | D:1      | 0 ||| qw: Melee chars always use a shield: true
     0 | D:1      | 0 ||| qw: God list: Okawaru
     0 | D:1      | 0 ||| qw: Allow faded altars: false
     0 | D:1      | 0 ||| qw: Do Orc after clearing Dungeon:15 true
     0 | D:1      | 0 ||| qw: Do second Lair branch before Depths: true
     0 | D:1      | 0 ||| qw: Lair rune preference: random
     0 | D:1      | 0 ||| qw: Goals: Normal
     0 | D:1      | 0 ||| PLANNING D:1-11
    17 | D:1      | 17 ||| SWAPPING to +1 sling of freezing.
    18 | D:1      | 18 ||| DROPPING +1 sling.
   244 | D:1      | Reached XP level 2. HP: 16/16 MP: 3/3
   710 | D:1      | 710 ||| UPGRADING to +0 leather armour.
   720 | D:1      | 720 ||| DROPPING +0 robe.
   721 | D:1      | 721 ||| READING 2 scrolls labelled OGOKHLE OHAWN.
   722 | D:1      | 722 ||| READING scroll labelled FODDUGROES.
   723 | D:1      | 723 ||| READING 3 scrolls labelled UPE WUOSHE.
   724 | D:1      | 724 ||| DRINKING 2 inky potions.
   725 | D:1      | 725 ||| DROPPING scroll of poison.
   726 | D:1      | 726 ||| DROPPING 2 scrolls of revelation.
   755 | D:2      | Reached skill level 3 in Ranged Weapons
   957 | D:2      | Reached XP level 3. HP: 21/21 MP: 4/4
  1287 | D:2      | 1287 ||| READING 3 scrolls labelled OMAWULAMPE.
  1491 | D:2      | 1491 ||| READING scroll labelled PASUZI ICUIMM.
  1837 | D:3      | Found a glowing golden altar of the Shining One.
  1922 | D:3      | 1922 ||| UPGRADING to +0 ring mail.
  1932 | D:3      | 1932 ||| DROPPING +0 leather armour.
  1933 | D:3      | 1933 ||| DRINKING 2 grey potions.
  2037 | D:3      | 2037 ||| READING 5 scrolls of identify.
  2037 | D:3      | 2037 ||| IDENTIFYING fizzy dark potion
  2038 | D:3      | 2038 ||| READING 4 scrolls of identify.
  2038 | D:3      | 2038 ||| IDENTIFYING viscous golden potion
  2039 | D:3      | 2039 ||| READING 3 scrolls of identify.
  2039 | D:3      | 2039 ||| IDENTIFYING pink potion
  2040 | D:3      | 2040 ||| READING 2 scrolls of identify.
  2040 | D:3      | 2040 ||| IDENTIFYING fizzy emerald potion
  2041 | D:3      | 2041 ||| DROPPING potion of berserk rage.
  2042 | D:3      | 2042 ||| DROPPING potion of invisibility.
  2160 | D:4      | Found a snail-covered altar of Cheibriados.
  2223 | D:4      | Noticed an ogre
  2233 | D:4      | Killed an ogre
  2234 | D:4      | Reached skill level 4 in Ranged Weapons
  2234 | D:4      | Reached XP level 4. HP: 21/26 MP: 5/5
  2234 | D:4      | Reached XP level 5. HP: 24/30 MP: 6/6
  2802 | D:4      | Reached skill level 5 in Ranged Weapons
  2869 | D:4      | 2869 ||| READING scroll labelled YXYCIU KETEMN.
  2869 | D:4      | Identified a scroll of acquirement
  2869 | D:4      | 2869 ||| ACQUIRING +0 pair of fencer's gloves {Riposte
                  | Dex+3}
  2869 | D:4      | Acquired the +0 pair of fencer's gloves {Riposte Dex+3}
  2869 | D:4      | Found the +0 pair of fencer's gloves {Riposte Dex+3}
  2871 | D:4      | 2871 ||| UPGRADING to +0 pair of fencer's gloves {Riposte
                  | Dex+3}.
  2884 | D:5      | Entered Level 5 of the Dungeon
  2912 | D:5      | Reached XP level 6. HP: 36/36 MP: 7/7
  2969 | D:5      | Reached skill level 3 in Fighting
  2997 | D:5      | Found Nunt's Antique Weapon Shoppe.
  3134 | D:5      | 3134 ||| DRINKING 3 potions of curing.
  3134 | D:5      | 3134 ||| (to cure confusion)
  3145 | D:5      | 3145 ||| FLEEEEING.
  3148 | D:5      | 3148 ||| STAIRDANCE
  3250 | D:5      | Noticed Blork the orc
  3260 | D:5      | Killed Blork the orc
  3261 | D:5      | Reached skill level 6 in Ranged Weapons
  3261 | D:5      | Reached XP level 7. HP: 15/41 MP: 8/8
  3261 | D:5      | HP: 10/41 [gnoll bouda/+0 whip (5)]
  3262 | D:5      | 3262 ||| READING 2 scrolls of teleportation.
  3263 | D:5      | HP: 1/41 [gnoll/+0 flail[a gnoll bouda] (7)]
  3263 | D:5      | Slain by a gnoll bouda

Levels and vault maps discovered:
D:1:      eino_arrival_cavern_e, layout_basic, serial_glass, glass_columns_a,
          glass_columns_b, glass_columns_c, glass_columns_a, glass_columns_a,
          glass_columns_a, hangedman_decor_points, hangedman_decor_lopped
D:2:      layout_loops_corners, kennysheep_crisscross
D:3:      layout_rooms, nicolae_tso_swordbearing_angel
D:4:      layout_basic, mainiacjoe_overflow_surrounded_room, minivault_14
D:5:      layout_rooms, mainiacjoe_overflow_catwalk_spiral, serial_shops, shop,
          uniq_blork_the_orc

Skill      XL: |  1  2  3  4  5  6 |
---------------+-------------------+-----
Ranged Weapons | 3 4 5 6 |  6.1
Fighting       | 2 3 |  3.0
Armour         | 2 |  2.5
Dodging        | |  1.5
Spellcasting   | |  1.0
Hexes          | |  2.6

Action                     |  1- 3 |  4- 6 |  7- 9 || total
---------------------------+-------+-------+-------++-------
   Fire: Sling             |   134 |   105 |     2 ||   241
    Use: Scroll            |     9 |     1 |     1 ||    11
         Potion            |     2 |     1 |       ||     3
 Armour: Leather armour    |    26 |       |       ||    26
         Robe              |     3 |       |       ||     3
         Ring mail         |       |    30 |     6 ||    36
  Dodge: Dodged            |    48 |    35 |     2 ||    85

Table legend:
 A = Non-vault XP
 B = Vault XP
 C = Vault XP percentage of total XP
 D = Non-vault monster count
 E = Vault monster count
 F = Vault count percentage of total count
                 A         B        C        D         E       F
            +---------+---------+-------+---------+---------+-------
      Total |     528 |      90 |  14.6 |      65 |       1 |   1.5
            +---------+---------+-------+---------+---------+-------
        D:1 |      17 |       0 |   0.0 |      11 |       0 |   0.0
        D:2 |      34 |       0 |   0.0 |      18 |       0 |   0.0
        D:3 |      24 |       0 |   0.0 |      13 |       0 |   0.0
        D:4 |     219 |       0 |   0.0 |      10 |       0 |   0.0
        D:5 |     234 |      90 |  27.8 |      13 |       1 |   7.1
            +---------+---------+-------+---------+---------+-------
